 Dungeon Crawl Stone Soup version 0.31.0-1-g2c135a0 (webtiles) character file.

Game seed: 1999013580504911153

213597 Think the Metamorph (level 18, -19/135 HPs)
             Began as an Octopode Fighter on Feb 23, 2024.
             Was an Initiate of Gozag.
             Killed from afar by Jorgrun (65 damage)
             ... with an iron shot
             ... on level 1 of the Shoals on Feb 25, 2024.
             The game lasted 02:06:08 (36965 turns).

Think the Metamorph (Octopode Fighter)             Turns: 36965, Time: 02:06:08

Health: -19/135    AC:  8    Str: 21    XL:     18   Next: 96%
Magic:  26/26      EV: 24    Int: 20    God:    Gozag
Gold:   8072       SH: 12    Dex: 17    Spells: 22/27 levels left

rFire   + + .        X - +2 demon blade (elec)
rCold   + + .        S - +2 kite shield {reflect}
rNeg    + . .        u - +1 hat {Int+3}
rPois   +            H - amulet of regeneration
rElec   +            E - ring "Roapi" {rN+ Will+ SInv}
rCorr   +            r - +6 ring of intelligence
SInv    +            n - ring of wizardry
Will    ++++.        J - ring of protection from cold
Stlth   ++++         T - +4 ring of slaying
HPRegen 1.22/turn    p - +5 ring of evasion
MPRegen 0.20/turn    m - ring of protection from fire
                     s - ring "Fentoddol" {^Drain rElec rCorr AC+4 Str+4}

%: reflection, wizardry (x1)
@: resistant, grasped by roots, enlightened, flying, hasted, constricted,
studying Spellcasting, very quick
A: almost no armour, amphibious, 8 rings, camouflage 1, gelatinous body 1,
(nimble swimmer 1), tentacles, tentacle spike 1, iridescent scales 1,
strong-willed 1
}: 1/15 runes: serpentine
a: Renounce Religion, Potion Petition, Call Merchant, Bribe Branch


You were on level 1 of the Shoals.
You worshipped Gozag.
Gozag was greatly pleased with you.
You visited 6 branches of the dungeon, and saw 29 of its levels.
You also visited: Ice Cave.

You collected 13447 gold pieces.
You spent 3218 gold pieces at shops.
You paid 2157 gold pieces to Gozag.

Inventory:

Hand Weapons
 e - a +3 double sword of protection
 V - a +4 scimitar of flaming
 X - a +2 demon blade of electrocution (weapon)
Missiles
 t - 6 throwing nets
 y - 18 javelins
Armour
 b - a +0 buckler
 u - a +1 hat of intelligence (worn)
 S - a +2 kite shield of reflection (worn)
Jewellery
 d - a +4 ring of protection
 h - a ring of willpower
 m - a ring of protection from fire (on tentacle)
 n - a ring of wizardry (on tentacle)
 o - an amulet of magic regeneration
 p - a +5 ring of evasion (on tentacle)
 r - a +6 ring of intelligence (right tentacle)
 s - the ring "Fentoddol" (on tentacle) {^Drain rElec rCorr AC+4 Str+4}
   (You bought it in a shop on level 1 of the Snake Pit)

   [ring of protection]

   AC+4:      It affects your AC (+4).
   Str+4:     It affects your strength (+4).
   rElec:     It insulates you from electricity.
   rCorr:     It protects you from acid and corrosion.
   ^Drain:    It drains your maximum health when unequipped.
 D - a ring of resist corrosion
 E - the ring "Roapi" (left tentacle) {rN+ Will+ SInv}
   (You acquired it on level 2 of the Snake Pit)

   [ring of see invisible]

   rN+:       It protects you from negative energy.
   Will+:     It increases your willpower.
   SInv:      It lets you see invisible.
 F - a +4 ring of protection
 H - an amulet of regeneration (around mantle)
 J - a ring of protection from cold (on tentacle)
 T - a +4 ring of slaying (on tentacle)
Talismans
 C - a granite talisman
 Z - a talisman of death
Wands
 l - a wand of mindburst (12)
 q - a wand of flame (8)
 K - a wand of quicksilver (6)
 N - a wand of polymorph (5)
 Q - a wand of roots (27)
 Y - a wand of digging (3)
Scrolls
 a - 5 scrolls of enchant weapon
 g - 5 scrolls of fear
 j - 3 scrolls of immolation
 w - 2 scrolls of enchant armour
 B - a scroll of amnesia
 L - 10 scrolls of teleportation
 P - 10 scrolls of identify
 R - 3 scrolls of blinking
 U - 4 scrolls of revelation
Potions
 c - a potion of magic
 f - 4 potions of heal wounds
 i - 6 potions of mutation
 k - 2 potions of haste
 v - 6 potions of curing
 x - a potion of cancellation {unknown}
 z - 4 potions of invisibility
 A - 2 potions of ambrosia
 I - 3 potions of might
 M - 2 potions of enlightenment
 O - 5 potions of lignification
 W - 3 potions of brilliance
Miscellaneous
 G - a phantom mirror (inert)


   Skills:
 * Level 15.6 Fighting
 - Level 16.0 Long Blades
 - Level 2.0 Throwing
 + Level 16.2 Dodging
 - Level 4.0 Stealth
 + Level 6.3 Shields
 + Level 5.4 Spellcasting
 + Level 4.0 Conjurations
 + Level 5.9 Translocations
 + Level 16.6 Shapeshifting


You had 22 spell levels left.
You knew the following spells:

 Your Spells              Type           Power      Damage    Failure   Level
a - Lesser Beckoning      Tloc           58%        N/A       1%          2
b - Blink                 Tloc           58%        N/A       1%          2
c - Magic Dart            Conj           84%        1d7       1%          1

Your spell library contained the following spells:

 Spells                   Type           Power      Damage    Failure   Level
 Apportation              Tloc           58%        N/A       1%          1
 Momentum Strike          Conj/Tloc      50%        3d9       1%          2
 Gell's Gravitas          Tloc           29%        N/A       2%          3
 Teleport Other           Tloc           29%        N/A       2%          3
 Foxfire                  Conj/Fire      52%        2x1d6     4%          1
 Kiss of Death            Conj/Necr      52%        2d9       4%          1
 Call Imp                 Summ           10%        N/A       14%         2
 Jinxbite                 Hex            10%        N/A       14%         2
 Scorch                   Fire           10%        2d5       14%         2
 Sublimation of Blood     Necr           5%         N/A       14%         2
 Call Canine Familiar     Summ           5%         N/A       26%         3
 Frozen Ramparts          Ice            10%        1d2       26%         3
 Sigil of Binding         Hex            5%         N/A       26%         3
 Dimensional Bullseye     Hex/Tloc       8%         N/A       26%         4
 Vhi's Electric Charge    Tloc/Air       34%        N/A       26%         4
 Flame Wave               Conj/Fire      13%        2d6       38%         4
 Summon Forest            Summ/Tloc      8%         N/A       58%         5
 Cause Fear               Hex            2%         N/A       65%         4
 Leda's Liquefaction      Alch/Erth      2%         N/A       65%         4
 Petrify                  Alch/Erth      5%         N/A       65%         4
 Arcjolt                  Conj/Air       6%         1d16      71%         5
 Fireball                 Conj/Fire      6%         3d5       71%         5
 Irradiate                Conj/Alch      6%         3d13      71%         5
 Dispersal                Tloc           14%        N/A       75%         6
 Alistair's Intoxication  Alch           3%         N/A       92%         5
 Borgnjor's Vile Clutch   Necr/Erth      2%         N/A       92%         5
 Metabolic Englaciation   Hex/Ice        2%         N/A       92%         5
 Conjure Ball Lightning   Conj/Air       6%         3x3d6     99%         6
 Starburst                Conj/Fire      6%         6d4       99%         6
 Death Channel            Necr           2%         N/A       100%        6
 Eringya's Noxious Bog    Alch           2%         4d6       100%        6
 Plasma Beam              Fire/Air       2%         2x1d12    100%        6
 Summon Cactus Giant      Summ           2%         N/A       100%        6
 Summon Hydra             Summ           2%         N/A       100%        7
 Discord                  Hex            2%         N/A       100%        8
 Disjunction              Tloc           14%        N/A       100%        8
 Dragon's Call            Summ           2%         N/A       100%        9
 Fire Storm               Conj/Fire      6%         8d2       100%        9
 Animate Dead             Necr           Unusable   N/A       N/A         4

Dungeon Overview and Level Annotations

Branches:
Dungeon (15/15)            Temple (0/1) D:7            Lair (5/5) D:9
 Shoals (1/4) Lair:2        Snake (4/4) Lair:3        Slime (0/5) Lair:5
    Orc (2/2) D:10            Elf (2/3) Orc:2        Vaults (0/5) D:14
 Depths (0/4) D:15          IceCv (visited)

Altars:
Cheibriados
Fedhas
Gozag
Sif Muna
Trog
Xom
Yredelemnul
The Shining One
Jiyva

Shops:
D:1 =   D:2 [   D:7 =   Orc:2 [!?[:   Elf:1 *=   Elf:2 [*   Snake:1 *

Annotations:
D:3 exclusion: door
D:6 3 runed translucent doors, bignoob's ghost, novice FeSu
Lair:3 exclusion: oklob plant
Shoals:1 Jorgrun
Snake:4 2 transporters, Agrajag's ghost, adept MfGl
Orc:2 1 runed translucent door, colig's ghost, journeyman GrHu
Elf:2 3 runed translucent doors


Innate Abilities, Weirdness & Mutations

You cannot wear most types of armour.
You are amphibious.
You can wear up to eight rings at the same time.
Your skin changes colour to match your surroundings (Stealth+).
Your rubbery body absorbs attacks. (AC +1, EV +1)
((You are camouflaged when in or above water. (Stealth+)))
You have tentacles for arms and can constrict up to eight enemies at once.
One of your tentacles bears a spike.
You are partially covered in iridescent scales. (AC +2)
You are strong-willed. (Will+)


Message History

You constrict Jorgrun.
Jorgrun points at you and mumbles some strange words.
Roots burst forth from the earth!
The grasping roots grab you! The grasping roots constrict you!
You slash Jorgrun!
You pierce Jorgrun.
Jorgrun is lightly wounded.
You constrict Jorgrun. Jorgrun gestures at you while chanting.
The iron shot hits you! The grasping roots constrict you.
You barely miss Jorgrun.
You pierce Jorgrun, but do no damage.
You squeeze Jorgrun!
Jorgrun is moderately wounded.
You constrict Jorgrun.
Jorgrun points at you and mumbles some strange words.
The iron shot hits you!! The grasping roots constrict you!
You slash Jorgrun! Lightning courses through Jorgrun!
You pierce Jorgrun.
You squeeze Jorgrun!
Jorgrun is heavily wounded.
You constrict Jorgrun.
Okay, then. [a] - 525 gold - resistance, enlightenment and haste [b] - 399 gold - haste, enlightenment and brilliance [c] - 360 gold - resistance and invisibility Purchase which effect?
You feel protected.
You feel very buoyant.
You fly up into the air.
You feel yourself speed up.
You constrict Jorgrun. Jorgrun hits you with a staff of earth!
The ground beneath you fractures!
* * * LOW HITPOINT WARNING * * *
The grasping roots constrict you!
* * * LOW HITPOINT WARNING * * *
You feel much better.
You constrict Jorgrun. You block Jorgrun's attack.
The grasping roots constrict you.
You slash Jorgrun!
You pierce Jorgrun.
Jorgrun is severely wounded.
You constrict Jorgrun. Jorgrun gestures at you while chanting.
The iron shot hits you!!!
You die...
Your body crumbles into a pile of gold.

~~≈≈≈.. .###### ##
~~≈≈~.. ##..~...####.
..~~≈~. #>.≈≈≈~....##
~~.~~.. #.≈≈≈≈.....##
~~≈~...### #.≈≈≈~≈....##
≈~≈≈.....###..≈≈≈~......
≈≈~~...g..#...~≈~~~~....
≈≈~~~.~@##....~~~.~~~~~~
≈≈≈~~.~..# #..$~.~~~~~~~
≈≈≈≈.....###.....~~≈≈≈≈≈
≈~~~~)....##.......~≈≈≈≈
~~~~~~........$.....≈≈≈≈
≈~~~~~~.(......$~..≈≈≈≈≈
≈≈≈≈~~~~~...~~$~~.~≈≈≈≈≈
~~.....~~~.~~~~~~~~≈≈≈≈≈
~..#....~~~~~~≈≈≈≈≈≈≈≈≈≈


You could see Jorgrun.

Vanquished Creatures
  Rupert (D:15)
  2 Ice Fiends (IceCv)
  Frances (Shoals:1)
  Kirke (D:15)
  Roxanne (Elf:2)
  Donald (Snake:4)
  A nagaraja (Snake:4)
  A deep elf sorcerer (Orc:2)
  Louise (Elf:1)
  A deep elf death mage (Elf:2)
  2 deep elf annihilators (Elf:1)
  A deep elf demonologist (Elf:2)
  Azrael (D:15)
  4 dire elephants (Lair:5)
  A merfolk javelineer (Shoals:1)
  An ettin (Orc:1)
  Harold (D:11)
  An ironbound frostheart (D:14)
  A merfolk avatar (Shoals:1)
  A salamander tyrant (Snake:4)
  6 hydras
  Erolcha (D:11)
  13 anacondas
  2 vault guards (D:14)
  5 two-headed ogres
  6 boulder beetles
  7 centaur warriors
  16 naga warriors
  9 dancing weapons
  6 shock serpents
  Urug (Orc:2)
  6 orc high priests
  A spectral dire elephant (Lair:5)
  2 spectral death yaks (Lair:5)
  4 deep elf knights
  10 naga sharpshooters
  6 salamander mystics
  3 skysharks
  5 skeletal warriors (D:15)
  3 sea snakes (Shoals:1)
  6 deep elf archers
  A spectral anaconda (Lair:5)
  8 naga ritualists
  An arcanist (D:14)
  10 mana vipers
  2 obsidian statues
  4 necromancers (Lair:5)
  4 lindwurms (Snake:4)
  18 deep elf pyromancers
  8 orc knights (Orc:2)
  3 spriggan simulacra (IceCv)
  A bog body (IceCv)
  12 deep elf zephyrmancers
  3 manticores
  A wolf spider (D:15)
  5 harpies
  21 ugly things
  3 cyclopes
  17 salamanders
  2 fauns (Shoals:1)
  33 black mambas
  5 slime creatures (D:15)
  A merfolk siren (Shoals:1)
  5 kobold blastminers
  6 centaur zombies (D:11)
  29 elephants
  2 water nymphs (Shoals:1)
  13 naga magi
  2 gargoyles
  5 guardian serpents (Snake:4)
  11 cane toads
  Maggie (Lair:2)
  7 rime drakes
  2 komodo dragons
  3 efreet
  9 freezing wraiths (IceCv)
  An anaconda simulacrum (Elf:1)
  2 ice devils (IceCv)
  A queen bee (Lair:3)
  5 trolls
  An alligator simulacrum (Elf:1)
  7 merfolk (Shoals:1)
  6 blink frogs
  3 polar bears
  2 wind drakes (Shoals:1)
  A tarantella (shapeshifter) (D:15)
  4 snapping turtles (Shoals:1)
  A spectral elephant (Lair:5)
  7 dream sheep
  A shadow (D:13)
  A water elemental (Shoals:1)
  10 wyverns
  2 dire elephant simulacra
  3 vampires
  4 basilisks
  3 humans (D:14)
  37 yaks
  3 wraiths
  6 fire bats (D:11)
  A basilisk (shapeshifter) (D:14)
  2 fire elementals (D:15)
  3 hogs (D:15)
  5 minotaur simulacra
  2 wargs
  2 spectral cane toads (Lair:5)
  2 harpy simulacra (IceCv)
  2 steam dragons (Lair:3)
  3 vampire mosquitoes (D:14)
  34 nagas
  An acid dragon (D:10)
  4 hell hounds (D:15)
  21 water moccasins
  A hydra simulacrum (IceCv)
  A swamp drake (shapeshifter) (Elf:2)
  32 orc warriors
  2 elephant zombies (Lair:5)
  A swamp drake (D:10)
  3 black bears
  7 ogres
  3 wolves
  An ettin simulacrum (IceCv)
  3 boggarts (D:14)
  11 centaurs
  A phantom (D:6)
  An elephant skeleton (Lair:5)
  A kobold brigand (D:9)
  Blork the orc (D:5)
  3 scorpions
  9 gnoll sergeants
  8 deep troll simulacra
  14 bullfrogs
  A cane toad simulacrum (Lair:5)
  3 earth elementals (Elf:2)
  14 wights
  An elephant simulacrum (Lair:5)
  37 killer bees
  2 howler monkeys
  2 lava snakes (Lair:3)
  21 orc priests
  2 hounds
  3 jellies
  3 iguanas
  3 gnoll boudas
  23 orc wizards
  Ijyb (D:5)
  A hell rat (Lair:3)
  10 adders
  25 gnolls
  A white imp (D:6)
  3 ribbon worms
  2 dart slugs
  108 orcs
  5 endoplasms
  A giant cockroach (D:4)
  14 goblins
  9 hobgoblins
  5 jackals (D:1)
  7 quokkas
  9 ball pythons
  9 bats
  3 frilled lizards
  15 kobolds
  13 rats
1053 creatures vanquished.

Vanquished Creatures (collateral kills)
  A wind drake (Shoals:1)
1 creature vanquished.

Vanquished Creatures (others)
  A dancing weapon (Elf:2)
  A deep elf knight (Elf:2)
  An orc (Orc:1)
3 creatures vanquished.

Grand Total: 1057 creatures vanquished

Notes
Turn   | Place    | Note
-------+----------+-------------------------------------------
     0 | D:1      | Think the Octopode Fighter began the quest for the Orb.
     0 | D:1      | Reached XP level 1. HP: 16/16 MP: 1/1
    76 | D:1      | Reached XP level 2. HP: 21/21 MP: 2/2
   101 | D:1      | Reached skill level 1 in Stealth
   286 | D:1      | Reached XP level 3. HP: 26/26 MP: 3/3
   286 | D:1      | Found Acucveuf's Jewellery Shop.
  1249 | D:2      | Reached XP level 4. HP: 29/31 MP: 4/4
  1520 | D:2      | Found Dapnan's Antique Armour Emporium.
  2025 | D:3      | Found an opulent altar of Gozag.
  2036 | D:3      | Became a worshipper of Gozag Ym Sagoz the Greedy
  2243 | D:3      | Found a faded altar of an unknown god.
  2349 | D:3      | Found a basalt altar of Yredelemnul.
  2349 | D:3      | Noticed a weeping skull
  2404 | D:3      | Found a snail-covered altar of Cheibriados.
  2567 | D:4      | Reached XP level 5. HP: 36/36 MP: 5/5
  2593 | D:4      | Reached skill level 5 in Dodging
  2660 | D:4      | Noticed an ogre
  3119 | D:4      | Killed an ogre
  3120 | D:4      | Reached XP level 6. HP: 7/42 MP: 6/6
  3616 | D:4      | Found the +7 staff of the Meek {protect, meekguard}
  3940 | D:4      | Gained mutation: You are strong-willed. (Will+) [potion of
                  | mutation]
  3940 | D:4      | Gained mutation: You are partially covered in iridescent
                  | scales. (AC +2) [potion of mutation]
  3956 | D:4      | Reached XP level 7. HP: 15/46 MP: 7/7
  4215 | D:4      | Found a bloodstained altar of Trog.
  4315 | D:5      | Entered Level 5 of the Dungeon
  4525 | D:5      | Reached skill level 1 in Throwing
  4540 | D:5      | Found a shimmering blue altar of Sif Muna.
  4663 | D:5      | Reached XP level 8. HP: 52/52 MP: 8/8
  4770 | D:5      | Noticed Ijyb
  4770 | D:5      | Noticed Blork the orc
  4818 | D:5      | Reached skill level 1 in Shapeshifting
  4992 | D:5      | Learned a level 2 spell: Blink
  4994 | D:5      | Learned a level 1 spell: Magic Dart
  5162 | D:5      | Killed Blork the orc
  5831 | D:6      | Noticed a wyvern
  5839 | D:6      | Killed a wyvern
  5840 | D:6      | Reached skill level 5 in Long Blades
  5840 | D:6      | Reached XP level 9. HP: 51/59 MP: 6/9
  6000 | D:5      | Killed Ijyb
  6700 | D:6      | Found a runed translucent gate.
  6700 | D:6      | Found a runed translucent gate.
  6707 | D:6      | Found a runed translucent gate.
  6707 | D:6      | Noticed bignoob's ghost (novice FeSu)
  6973 | D:6      | Reached skill level 5 in Fighting
  7181 | D:7      | Identified a scroll of acquirement
  7182 | D:7      | Acquired a +1 hat of intelligence
  7477 | D:7      | Found Ymioth's Jewellery Shop.
  7625 | D:7      | Found a staircase to the Ecumenical Temple.
  8161 | D:8      | Reached XP level 10. HP: 58/68 MP: 10/10
  9581 | D:9      | Found a staircase to the Lair.
  9644 | D:9      | Reached skill level 5 in Shapeshifting
  9950 | D:9      | Reached skill level 10 in Dodging
 10149 | D:10     | Entered Level 10 of the Dungeon
 10791 | D:10     | Reached XP level 11. HP: 69/75 MP: 11/11
 10914 | D:10     | Found a staircase to the Orcish Mines.
 11383 | D:11     | Noticed a two-headed ogre
 11383 | D:11     | Noticed a two-headed ogre
 11433 | Lair:1   | Entered Level 1 of the Lair of Beasts
 11676 | Orc:1    | Entered Level 1 of the Orcish Mines
 11997 | Orc:2    | Entered Level 2 of the Orcish Mines
 11997 | Orc:2    | Found a staircase to the Elven Halls.
 12130 | Orc:2    | Found Fynotz's Book Boutique.
 12191 | Orc:2    | Found a runed translucent door.
 12191 | Orc:2    | Found a shimmering altar of Xom.
 12191 | Orc:2    | Noticed colig's ghost (journeyman GrHu)
 12192 | Orc:2    | Noticed a +2 flail of chaos
 12226 | Orc:2    | Noticed a two-headed ogre
 12245 | Orc:2    | Killed a two-headed ogre
 12246 | Orc:2    | Reached skill level 10 in Long Blades
 12537 | Orc:2    | Noticed an orc high priest
 12538 | Orc:2    | Noticed an orc knight
 12541 | Orc:2    | Noticed a sun demon
 12583 | Orc:2    | Gained mutation: One of your tentacles bears a spike. [a
                  | neqoxec]
 12592 | Orc:1    | Killed an orc high priest
 12713 | Orc:2    | Killed an orc knight
 12786 | Orc:2    | Noticed an orc high priest
 12789 | Orc:2    | Noticed an orc high priest
 12793 | Orc:2    | Noticed a soul eater
 12796 | Orc:2    | Noticed a sixfirhy
 13072 | Orc:1    | Noticed Urug
 13092 | Orc:2    | Killed an orc high priest
 13146 | Orc:2    | Killed an orc high priest
 13168 | Orc:2    | Noticed an orc knight
 13173 | Orc:2    | Killed an orc knight
 13181 | Orc:2    | Noticed an orc knight
 13273 | Orc:2    | Killed an orc knight
 13277 | Orc:2    | Reached XP level 12. HP: 83/83 MP: 12/12
 14371 | Orc:2    | Noticed an orc high priest
 14408 | Orc:2    | Killed an orc high priest
 14564 | Orc:2    | Noticed an orc high priest
 14718 | Orc:2    | Killed an orc high priest
 14814 | Orc:2    | Found Kegar's Distillery.
 14817 | Orc:2    | Found Bousev's Antique Armour Emporium.
 14819 | Orc:2    | Found Uxtawk Usoa's Magic Scroll Shoppe.
 14820 | Orc:2    | Found Kihecuadgh's Armour Emporium.
 14942 | Orc:2    | Bought a scroll of acquirement for 728 gold pieces
 14942 | Orc:2    | Acquired a +2 double sword of protection
 15894 | Orc:2    | Killed Urug
 15980 | Orc:1    | Noticed an ettin
 16083 | Orc:1    | Killed an ettin
 16476 | D:1      | Bought a granite talisman for 780 gold pieces
 16476 | D:1      | Bought an amulet of regeneration for 390 gold pieces
 16786 | Lair:1   | Reached XP level 13. HP: 65/90 MP: 13/13
 16866 | Lair:1   | Acquired 926 gold pieces
 17723 | Lair:2   | Noticed Maggie
 17729 | Lair:2   | Killed Maggie
 17844 | Lair:2   | Found a staircase to the Shoals.
 18158 | Lair:3   | Reached skill level 10 in Shapeshifting
 18503 | Lair:3   | Found a staircase to the Snake Pit.
 18704 | Lair:3   | Reached skill level 10 in Fighting
 19324 | Lair:3   | Reached XP level 14. HP: 99/99 MP: 14/14
 21083 | Lair:5   | Entered Level 5 of the Lair of Beasts
 21202 | Lair:5   | Noticed a dire elephant
 21202 | Lair:5   | Noticed a dire elephant
 21205 | Lair:5   | Noticed a dire elephant
 21205 | Lair:5   | Noticed a dire elephant
 21278 | Lair:5   | Found a viscous altar of Jiyva.
 21279 | Lair:5   | Found a staircase to the Slime Pits.
 21617 | Lair:5   | Reached skill level 15 in Long Blades
 21757 | Lair:5   | Killed a dire elephant
 21762 | Lair:5   | Killed a dire elephant
 21827 | Lair:5   | Killed a dire elephant
 21861 | Lair:5   | Killed a dire elephant
 21862 | Lair:5   | Reached XP level 15. HP: 106/106 MP: 15/15
 22526 | D:11     | Noticed Harold
 22667 | D:11     | Killed Harold
 22752 | D:11     | Noticed Erolcha
 22769 | D:11     | Killed Erolcha
 23145 | D:11     | Found a faded altar of an unknown god.
 23544 | D:11     | Got the Tome of Attacks
 25647 | D:14     | Found a gate to the Vaults.
 25839 | D:14     | Found a blossoming altar of Fedhas.
 26087 | D:15     | Entered Level 15 of the Dungeon
 26307 | D:15     | Reached XP level 16. HP: 114/114 MP: 16/16
 26507 | D:15     | Noticed Kirke
 26530 | D:15     | Killed Kirke
 26687 | D:15     | Found a staircase to the Depths.
 26887 | D:15     | Noticed Rupert
 26899 | D:15     | Killed Rupert
 27195 | D:15     | Noticed Azrael
 27210 | D:15     | Killed Azrael
 27417 | Elf:1    | Entered Level 1 of the Elven Halls
 27448 | Orc:2    | Learned a level 2 spell: Lesser Beckoning
 27708 | Elf:1    | Found a glacial archway.
 28036 | Elf:1    | Got the Information on Energy
 28066 | IceCv    | Entered an ice cave
 28377 | IceCv    | Reached skill level 15 in Shapeshifting
 28579 | IceCv    | Noticed an Ice Fiend
 28634 | IceCv    | Noticed an Ice Fiend
 28649 | IceCv    | Killed an Ice Fiend
 28673 | IceCv    | Killed an Ice Fiend
 29170 | Elf:1    | Noticed Louise
 29242 | Elf:1    | Killed Louise
 29243 | Elf:1    | Reached skill level 15 in Dodging
 29334 | Elf:1    | Found Gonoaphu's Jewellery Emporium.
 29342 | Elf:1    | Bought a talisman of death for 880 gold pieces
 29409 | Elf:1    | Reached XP level 17. HP: 123/123 MP: 17/17
 29412 | Elf:1    | Reached skill level 1 in Translocations
 29605 | Elf:1    | Found Ykhlem's Assorted Antiques.
 30019 | Elf:2    | Found Jiustudi's General Store.
 30070 | Elf:2    | Found a runed translucent gate.
 30070 | Elf:2    | Found a runed translucent gate.
 30070 | Elf:2    | Found a runed translucent gate.
 30160 | Elf:2    | Noticed Roxanne
 30173 | Elf:2    | Killed Roxanne
 30341 | Elf:2    | Found Oshis's Armour Shop.
 30833 | Snake:1  | Entered Level 1 of the Snake Pit
 31644 | Snake:1  | Found Fiaskehe's Assorted Antiques.
 31647 | Snake:1  | Bought a slimy turquoise ring for 115 gold pieces
 31647 | Snake:1  | Identified the ring "Fentoddol" {^Drain rElec rCorr AC+4
                  | Str+4} (You bought it in a shop on level 1 of the Snake
                  | Pit)
 32296 | Snake:2  | Acquired a manual of Spellcasting
 32297 | Snake:2  | Acquired the ring "Roapi" {rN+ Will+ SInv}
 32298 | Snake:2  | Acquired 892 gold pieces
 33070 | Snake:3  | Reached skill level 1 in Spellcasting
 33301 | Snake:3  | Reached skill level 1 in Conjurations
 33312 | Snake:3  | Reached XP level 18. HP: 132/132 MP: 17/20
 33959 | Snake:3  | Reached skill level 5 in Shields
 34540 | D:1      | Bought a ring of protection from fire for 325 gold pieces
 34903 | Snake:4  | Entered Level 4 of the Snake Pit
 34909 | Snake:4  | Found a glowing golden altar of the Shining One.
 35200 | Snake:4  | Found a transporter.
 35200 | Snake:4  | Noticed Agrajag's ghost (adept MfGl)
 35231 | Snake:4  | Found a transporter.
 35250 | Snake:4  | Noticed Donald
 35265 | Snake:4  | Killed Donald
 35526 | Snake:4  | Reached skill level 15 in Fighting
 35709 | Snake:4  | Reached skill level 5 in Translocations
 36276 | Snake:4  | Got a serpentine rune of Zot
 36573 | Shoals:1 | Entered Level 1 of the Shoals
 36625 | Shoals:1 | Reached skill level 5 in Spellcasting
 36760 | Shoals:1 | Noticed Frances
 36773 | Shoals:1 | Killed Frances
 36945 | Shoals:1 | Noticed Jorgrun
 36965 | Shoals:1 | Killed from afar by Jorgrun

Illustrated notes

Levels and vault maps discovered:
D:1:      wander_arrival_desolate, layout_basic, serial_shops,
          nicolae_shop_peninsula
D:2:      layout_loops_ring, serial_shops, shop
D:3:      layout_loops_ring, yredelemnul_forgotten_temple_becter,
          grunt_gozag_breadcrumbs, slow_altar_2,
          shapermc_ecumenical_altar_hornbeckon, serial_bayou_pond_a
D:4:      layout_basic, nicolae_overflow_hidden_temple, pf_guarded_unrand_meek
D:5:      layout_basic, mainiacjoe_overflow_surrounded_room, uniq_ijyb,
          uniq_blork_the_orc
D:6:      layout_cave_pods, enter_ossuary_3, gammafunk_ghost_nasty_kobolds,
          kennysheep_small_circle
D:7:      layout_basic, minmay_temple_entry_offerings, serial_shops,
          shop_fountains, kennysheep_generic_room_3
D:8:      layout_basic
D:9:      layout_irregular_city, erik_lair_orcish_takeover
D:10:     layout_roguey [special_room_orc], erik_orc_1
D:11:     regret_index_infernal_bastille, layout_rooms, uniq_erolcha,
          uniq_harold
D:12:     layout_basic, minivault_11, minmay_between
D:13:     layout_long_grid, minmay_misc_feat_roman
D:14:     layout_stronghold, hellmonk_vaults_keyhole, fedhas_altar_1
D:15:     hangedman_depths_entry_try_elsewhere_first, layout_loops_corners,
          chequers_serial_rivers_small_b, uniq_azrael, uniq_rupert, uniq_kirke
Lair:1:   layout_regular_city
Lair:2:   layout_cave_shapes, nicolae_shoals_entry_roost, uniq_maggie
Lair:3:   hangedman_what_comes_after_a, layout_long_grid,
          nicolae_snake_entry_warm_welcome, minmay_holes
Lair:4:   cheibrodos_lair_river_kwai, layout_long_grid, beast_lair_carwin_9,
          infiniplex_staircase_pool, serial_bayou_shore_a, lemuel_fruit_tree
Lair:5:   due_jungle_book, layout_misc_corridors, slime_entry_1
Shoals:1: layout_shoals, nicolae_shoals_so_close, uniq_jorgrun, uniq_frances
Snake:1:  layout_honeycomb, serial_shops, nicolae_shop_real_fake_doors
Snake:2:  layout_onion
Snake:3:  layout_cave_town
Snake:4:  snake_pit_salamanders_mu, layout_rooms, gammafunk_ghost_arena,
          basic_altar, uniq_donald
Orc:1:    layout_caves, uniq_urug
Orc:2:    st_orc_pillars, layout_diamond_mine, serial_shops,
          nicolae_book_shop_shelving, ebering_ghost_xom,
          nicolae_orc_quarried_blocks
Elf:1:    eino_elf_arrival_the_gate, layout_gridlike,
          portal_ice_cave_entry_ice_simulacra, serial_shops,
          nicolae_shop_crystal, shop, minmay_elf_annihilation,
          dk_noncrumbling_3, nrook_mini_backslash, uniq_louise
Elf:2:    nicolae_elf_blades_splatter_lattice
          [nicolae_blade_entry_floor_patterns], layout_rooms, serial_shops,
          nicolae_shop_tiny_real_fake_doors, nicolae_stop_n_shop_1, uniq_roxanne

Skill      XL: |  1  2  3  4  5  6  7  8  9 10 11 12 13 14 15 16 17 18 |
---------------+-------------------------------------------------------+-----
Stealth        | 2 3 4 |  4.0
Dodging        | 4 6 7 8 9 10 11 12 13 15 16 | 16.2
Throwing       | 1 2 |  2.0
Long Blades    | 5 7 9 11 12 13 15 16 | 16.0
Shapeshifting  | 2 4 5 7 9 10 12 13 15 16 | 16.6
Fighting       | 4 5 7 8 9 10 11 12 13 14 15 | 15.6
Translocations | 4 5 |  5.9
Shields        | 4 6 |  6.3
Spellcasting   | 1 5 |  5.4
Conjurations   | 1 4 |  4.0

Action                     |  1- 3 |  4- 6 |  7- 9 | 10-12 | 13-15 | 16-18 || total
---------------------------+-------+-------+-------+-------+-------+-------++-------
  Melee: Long sword        |    73 |       |       |       |       |       ||    73
         Constrict         |    20 |    25 |    42 |   113 |   103 |   154 ||   457
         Tentacles         |    12 |    22 |    68 |   120 |   247 |   294 ||   763
         Punch             |     1 |       |     5 |     9 |    13 |    17 ||    45
         Dagger            |       |   109 |   116 |       |       |       ||   225
         Scimitar          |       |       |   126 |   442 |       |     7 ||   575
         Kick              |       |       |       |    94 |   398 |   506 ||   998
         Double sword      |       |       |       |    54 |   835 |   440 ||  1329
         Short sword       |       |       |       |       |    30 |       ||    30
         Demon blade       |       |       |       |       |       |   618 ||   618
  Throw: Dart              |       |     4 |     5 |    36 |    21 |       ||    66
   Cast: Magic Dart        |       |       |    17 |    43 |    18 |    11 ||    89
         Blink             |       |       |       |     2 |     1 |    10 ||    13
         Lesser Beckoning  |       |       |       |       |       |    44 ||    44
 Invoke: Potion Petition   |       |       |       |     1 |     1 |     3 ||     5
  Evoke: Phantom mirror    |       |       |       |     2 |     1 |     3 ||     6
         Wand              |       |       |       |     1 |       |       ||     1
    Use: Scroll            |     2 |     6 |     4 |    14 |     4 |     7 ||    37
         Potion            |       |     3 |       |     1 |     1 |     8 ||    13
   Stab: Sleeping          |    15 |    21 |     5 |     5 |    25 |    16 ||    87
         Distracted        |       |       |     3 |     9 |     6 |     9 ||    27
 Armour: Skin              |    20 |    32 |    92 |   180 |   308 |   814 ||  1446
  Dodge: Dodged            |    39 |    43 |   130 |   336 |   643 |  1326 ||  2517
  Block: Buckler           |    13 |    13 |    49 |   108 |   218 |   251 ||   652
         Kite shield       |       |       |       |       |       |   300 ||   300
         Reflection        |       |       |       |       |       |    21 ||    21
   Form: Beast             |       |       |       |     2 |       |     1 ||     3
                           |       |       |       |     1 |       |     1 ||     2
         Statue            |       |       |       |       |       |     1 ||     1
         Maw               |       |       |       |       |       |     1 ||     1
